 Dungeon Crawl Stone Soup version 0.16.2-12-gd0ad4c3 (webtiles) character file.

5574 CuntPokingMan the Covert (level 10, -6/66 HPs)
             Began as an Octopode Assassin on Sept 11, 2015.
             Was a High Priest of Cheibriados.
             Mangled by an orc warrior
             ... wielding a +0 glaive
              (13 damage)
             ... on level 2 of the Orcish Mines.
             The game lasted 01:22:32 (13741 turns).

CuntPokingMan the Covert (Octopode Assassin)       Turns: 13741, Time: 01:22:32

Health: -6/66      AC:  1    Str: 24    XL:     10   Next: 72%
Magic:  0/14       EV: 24    Int: 26    God:    Cheibriados [*****.]
Gold:   863        SH:  0    Dex: 30    Spells: 0 memorised, 9 levels left

rFire  . . .     SeeInvis .     a - +3 dagger
rCold  . . .     Clarity  .     (no shield)
rNeg   . . .     SustAb   .     (helmet restricted)
rPois  .         Gourm    .     j - amulet of guardian spirit
rElec  .         Spirit   +     h - ring of stealth
rCorr  .         Warding  .     v - ring of teleport control
rMut   .         Stasis   .     (no ring)
MR     .....                    (no ring)
Stlth  +++++++++.               (no ring)
                                (no ring)
                                (no ring)
                                (no ring)

@: very slow, not resistant to hostile enchantments, incredibly stealthy
A: almost no armour, amphibious, 8 rings, constrict 8, camouflage 1, gelatinous
body 1
a: Bend Time, Temporal Distortion, Slouch, Step From Time, Renounce Religion,
Evoke Teleport Control


You were on level 2 of the Orcish Mines.
You worshipped Cheibriados.
Cheibriados was extremely pleased with you.
You were not hungry.

You visited 3 branches of the dungeon, and saw 12 of its levels.

You collected 863 gold pieces.

Inventory:

Hand weapons
 a - a +3 dagger (weapon)
 b - a +0 blowgun
Missiles
 e - 14 poisoned needles
 f - a curare-tipped needle
Armour
 y - a +0 shield
Jewellery
 h - a ring of stealth (left tentacle)
 j - an amulet of guardian spirit (around mantle)
 k - an uncursed amulet of warding
 v - a ring of teleport control (right tentacle)
Magical devices
 n - a wand of magic darts (26)
 q - a wand of flame (25)
 w - a wand of fireball (4)
 z - a wand of hasting (4)
 D - a wand of slowing (37)
Scrolls
 c - 3 scrolls of remove curse
 p - 2 scrolls of recharging
 s - a scroll of fog
 A - a scroll of amnesia
 E - 2 scrolls of magic mapping
 G - a scroll of immolation {unknown}
Potions
 m - 3 potions of restore abilities
 r - a potion of flight
 t - 2 potions of might
 x - 2 potions of berserk rage
Books
 l - a book of Clouds

   Spells                             Type                      Level
   a - Mephitic Cloud                 Conjuration/Poison/Air       3
   b - Conjure Flame                  Conjuration/Fire             3
   c - Poisonous Cloud                Conjuration/Poison/Air       6
   d - Freezing Cloud                 Conjuration/Ice/Air          6
   e - Ring of Flames                 Charms/Fire                  7
 B - a book of the Warp

   Spells                             Type                      Level
   a - Recall                         Summoning/Translocation      3
   b - Control Teleport               Charms/Translocation         4
   c - Force Lance                    Conjuration/Translocation    4
   d - Phase Shift                    Translocation                5
   e - Warp Weapon                    Charms/Translocation         5
   f - Gell's Gravitas                Hexes/Translocation          5
   g - Summon Forest                  Summoning/Translocation      5
Comestibles
 d - 4 fruits
 g - 5 bread rations
 i - 2 chunks of flesh
 o - 3 slices of pizza


   Skills:
 - Level 5.0 Fighting
 - Level 10.0 Short Blades
 - Level 2.0 Throwing
 - Level 10.1 Dodging
 - Level 11.4 Stealth
 * Level 2.9 Invocations


You had 9 spell levels left.
You didn't know any spells.

Dungeon Overview and Level Annotations

Branches:
Dungeon (9/15)             Temple (1/1) D:5             Orc (2/4) D:9
   Lair: D:8-11

Altars:
Ashenzari
Cheibriados
Dithmenos
Fedhas
Gozag
Kikubaaqudgha
Makhleb
Nemelex Xobeh
Okawaru
Sif Muna
Trog
Vehumet
Xom
Yredelemnul
Zin
The Shining One

Shops:
D:3 *   D:5 :

Annotations:
D:6 CuntPokingMan's ghost, experienced OpAs


Innate Abilities, Weirdness & Mutations

You cannot wear most types of armour.
You are amphibious.
You can wear up to eight rings at the same time.
You can use your tentacles to constrict many enemies at once.
Your skin changes colour to match your surroundings (Stealth).
Your rubbery body absorbs attacks (AC +1).


Message History

Your squeeze misses the orc priest.
The orc priest is moderately wounded.
The orc priest mumbles some strange prayers to Beogh.
You feel troubled.
You hit the orc priest. You grab the orc priest. You squeeze the orc priest.
The orc priest is heavily wounded.
You constrict the orc priest. The orc priest completely misses you.
Read which item? (? for menu, Esc to quit)
You can't read that!
You hit the orc priest. You squeeze the orc priest.
The orc priest is severely wounded.
You constrict the orc priest. The orc priest misses you.
You hit the orc priest.
You kill the orc priest!
Cheibriados appreciates the change of pace.
The ogre misses you. The orc priest hits you with a whip.
* * * LOW HITPOINT WARNING * * *
The orc warrior hits you from afar with a glaive!
You die...

.... #......
...#
##.....#.#
#..##..... ..#
#......# ..##
##....####...
#......#...#
#.o.O.##..#..#
#.o.## #.....#
.... #..oo@#
##. #.^.O## #
#......#
$...#....#
#...###.....
.... .##..##
..## . #.# . .
.# .


You could see an orc warrior, an ogre and an orc priest.

Vanquished Creatures
  The ghost of CuntPokingMan the Martial Artist, an experienced OpFi of Dithmenos (D:9)
  Psyche (Orc:1)
  A deep elf mage (D:9)
  A hungry ghost (D:8)
  A hippogriff (D:7)
  Menkaure (D:5)
  A warg (Orc:1)
  2 sky beasts
  A wasp (D:9)
  7 orc warriors
  A phantom (D:4)
  6 ogres
  A centaur (D:7)
  3 ice beasts
  Sigmund (D:3)
  2 giant frogs
  A gnoll sergeant (D:5)
  2 scorpions
  A goliath beetle (D:6)
  8 crimson imps
  3 hounds (D:7)
  2 giant frog skeletons
  An iguana (D:6)
  11 orc priests
  A centaur skeleton (D:8)
  18 orc wizards
  4 worker ants
  Jessica (D:3)
  2 worker ant zombies
  Robin (D:3)
  4 gnolls (D:5)
  10 adders
  2 shadow imps
  3 giant mites
  A worm (D:2)
  An adder zombie (D:6)
  2 adder skeletons
  An ooze (D:6)
  67 orcs
  4 ball pythons
  12 bats
  3 bat skeletons
  A bat zombie (D:8)
  2 giant cockroaches (D:1)
  20 hobgoblins
  13 jackals
  3 quokkas
  3 giant geckos
  A giant gecko zombie (D:7)
  5 giant newts
  21 goblins
  20 kobolds
  18 rats
  A plant (D:1)
305 creatures vanquished.

Notes
Turn   | Place    | Note
--------------------------------------------------------------
     0 | D:1      | CuntPokingMan, the Octopode Assassin, began the quest for the Orb.
     0 | D:1      | Reached XP level 1. HP: 14/14 MP: 1/1
   198 | D:1      | Reached XP level 2. HP: 19/19 MP: 2/2
   287 | D:1      | Reached skill level 6 in Stealth
   754 | D:1      | Gained mutation: Your body is slowly deteriorating. [potion of mutation]
   754 | D:1      | Gained mutation: Your system is resistant to poisons. [potion of mutation]
   886 | D:1      | Reached XP level 3. HP: 22/24 MP: 1/3
  1362 | D:1      | Reached skill level 7 in Stealth
  1534 | D:2      | Reached skill level 11 in Stealth
  1534 | D:2      | Reached XP level 4. HP: 26/29 MP: 2/4
  2354 | D:3      | Noticed Jessica
  2364 | D:3      | Killed Jessica
  2364 | D:3      | Reached XP level 5. HP: 35/35 MP: 5/5
  2384 | D:3      | Found Gozag's Platinum Reserve.
  2385 | D:3      | Found an opulent altar of Gozag.
  2441 | D:3      | Noticed Robin
  2474 | D:3      | Killed Robin
  2936 | D:3      | Lost mutation: Your body is slowly deteriorating. [potion of cure mutation]
  2936 | D:3      | Lost mutation: Your system is resistant to poisons. [potion of cure mutation]
  3067 | D:3      | Noticed Sigmund
  3090 | D:3      | Killed Sigmund
  3090 | D:3      | Reached XP level 6. HP: 11/43 MP: 2/6
  3855 | D:3      | Found a glowing golden altar of the Shining One.
  4248 | D:4      | Reached XP level 7. HP: 49/49 MP: 7/7
  4785 | D:4      | Reached skill level 5 in Fighting
  4972 | D:5      | Entered Level 5 of the Dungeon
  4983 | D:5      | Found a shimmering altar of Xom.
  4983 | D:5      | Found a shattered altar of Ashenzari.
  5039 | D:5      | Found a staircase to the Ecumenical Temple.
  5048 | Temple   | Entered the Ecumenical Temple
  5064 | Temple   | Became a worshipper of Cheibriados the Contemplative
  5082 | D:5      | Was placed under penance by Cheibriados
  5191 | D:5      | Found a shadowy altar of Dithmenos.
  5253 | D:5      | Was forgiven by Cheibriados
  5826 | D:5      | Noticed Menkaure
  5845 | D:5      | Killed Menkaure
  5845 | D:5      | Reached XP level 8. HP: 44/55 MP: 6/8
  6251 | D:5      | Found Plywn's Book Shop.
  6492 | D:6      | Noticed CuntPokingMan's ghost (experienced OpAs)
  7250 | D:6      | Acquired Cheibriados' first power
  8885 | D:7      | Reached XP level 9. HP: 56/61 MP: 9/9
  9497 | D:7      | Found a radiant altar of Vehumet.
  9497 | D:7      | Found a deep blue altar of Sif Muna.
  9628 | D:8      | Found a sparkling altar of Nemelex Xobeh.
  9664 | D:8      | Reached skill level 10 in Short Blades
  9809 | D:8      | Acquired Cheibriados' second power
 10539 | D:8      | Acquired Cheibriados' third power
 11103 | D:9      | Noticed CuntPokingMan's ghost (experienced OpFi)
 11572 | D:9      | Killed CuntPokingMan's ghost
 11572 | D:9      | Reached XP level 10. HP: 25/66 MP: 2/10
 12076 | D:9      | Found a staircase to the Orcish Mines.
 12261 | Orc:1    | Entered Level 1 of the Orcish Mines
 12294 | D:9      | Acquired Cheibriados' fourth power
 12896 | Orc:1    | Noticed Psyche
 12973 | Orc:1    | Killed Psyche
 12973 | Orc:1    | Reached skill level 10 in Dodging
 13460 | Orc:1    | Reached skill level 1 in Invocations
 13741 | Orc:2    | Mangled by an orc warrior

Action                   |  1- 3 |  4- 6 |  7- 9 | 10-12 || total
-------------------------+-------+-------+-------+-------++-------
Melee: Dagger            |   106 |   152 |   391 |   161 ||   810
 Fire: Blowgun           |       |    29 |    53 |     8 ||    90
  Use: Scroll            |     3 |     2 |    11 |     2 ||    18
       Potion            |     3 |     4 |     9 |     1 ||    17
 Stab: Sleeping          |     8 |    14 |    39 |     2 ||    63
       Distracted        |       |       |     4 |     2 ||     6
  Eat: Chunk             |     1 |     3 |    10 |     5 ||    19
       Meat ration       |       |     1 |       |       ||     1
       Bread ration      |       |       |     2 |       ||     2
       Beef jerky        |       |       |     1 |       ||     1
